[Event "Early-Titled-Tuesday-Blitz-August-29-2023"]
[Site "Chess.com"]
[Date "2023.08.29"]
[Round "4"]
[White "Sleepless_Knightmare"]
[Black "maksimys18"]
[Result "0-1"]
[WhiteElo "2364"]
[BlackElo "2526"]
[TimeControl "180+1"]
[EndTime "8:39:34 PDT"]
[Termination "maksimys18 won by resignation"]

1. e4 e6 2. d4 d5 3. Nc3 Bb4 4. e5 Ne7 5. Qg4 c5 6. dxc5 d4 7. a3 Qa5 8. axb4 Qxa1 9. Nce2 Nbc6 10. Nf3 Bd7 11. Nfxd4 Nxd4 12. Qxd4 O-O-O 13. b3 Qxd4 14. Nxd4 Nc6 15. Nxc6 Bxc6 16. Be3 Rd5 17. f4 Rhd8 18. Be2 f6 19. exf6 gxf6 20. b5 Be8 21. Kf2 e5 22. Bf3 exf4 23. Bxf4 Rxc5 24. c4 a6 25. bxa6 bxa6 26.
Ra1 a5 27. Bd5 a4 28. bxa4 Ra5 29. Rb1 Rdxd5 30. cxd5 Rxa4 31. Kg3 Bg6 32. Rb8+ Kd7 33. Rb6 Ra3+ 34. Kh4 f5 35. Rd6+ Ke8 36. g3 Ra2 37. h3 Ra3 38. Kg5 Rd3 39. Re6+ Kf7 40.
Rf6+ Kg7 41. d6 h6+ 42. Kh4 Kxf6 43. Bxh6 Rxd6 44. g4 Rd4 45. Kg3 fxg4 46. hxg4 Ra4 47. Bc1 Be8 48. Bb2+ Kg6 49. Bc1 Bd7 50. g5 Bf5 51. Kf2 Kh5 52. Ke2 Bg6 53. Kf3 Kh4 54. Be3 Ra3 55. Kf4 Kh3 56. Bd4 Ra4 57. Ke5 Kg4 58.
Be3 Rf4 0-1

[Event "Early-Titled-Tuesday-Blitz-August-29-2023"]
[Site "Chess.com"]
[Date "2023.08.29"]
[Round "4"]
[White "albi1999"]
[Black "GMForgacs"]
[Result "1-0"]
[WhiteElo "2679"]
[BlackElo "2437"]
[TimeControl "180+1"]
[EndTime "8:39:35 PDT"]
[Termination "albi1999 won by resignation"]

1. Nf3 Nf6 2. g3 g6 3. b3 Bg7 4.
Bb2 O-O 5. c4 d6 6. d4 e5 7.
dxe5 Ng4 8. Nc3 Nxe5 9. Nxe5 dxe5 10. Bg2 Nc6 11. Qxd8 Rxd8 12. Nd5 Rd7 13. Rd1 Nd4 14. e3 Nc2+ 15. Ke2 c6 16. Nc3 Rxd1 17. Rxd1 Bf5 18. Ne4 Nb4 19. Nd6 Nxa2 20. Nxb7 Bc2 21. Ra1 Nb4 22. Bc3 c5 23. Nxc5 e4 24. Bxg7 Kxg7 25. Bxe4 Rc8 26. Bxc2 Nxc2 27. Rc1 Nb4 28. Nd3 Nc6 29. b4 Rb8 30. b5 Ne7 31. Ra1 Rb7 32. Ra6 Rc7 33. c5 Nd5 34. Kd2 Rb7 35. Ra5 Nc7 36. c6 Rxb5 37. Rxa7 Ne6 38. Ra2 Rb6 39.
Rc2 Rb8 40. Nf4 Nc7 41. e4 g5 42. Nd5 Ne6 43. c7 Rc8 44. Ke3 Kf8 45. f4 gxf4+ 46.
gxf4 Ke8 47. f5 Ng5 48. Nb6 1-0

[Event "Early-Titled-Tuesday-Blitz-August-29-2023"]
[Site "Chess.com"]
[Date "2023.08.29"]
[Round "4"]
[White "ritanovikova"]
[Black "AsaHoffmann"]
[Result "0-1"]
[WhiteElo "2143"]
[BlackElo "2365"]
[TimeControl "180+1"]
[EndTime "8:39:35 PDT"]
[Termination "AsaHoffmann won on time"]

1. e4 d6 2. d4 Nf6 3. Nd2 c6 4. Bd3 e5 5. dxe5 dxe5 6. Ngf3 Qc7 7. O-O Bg4 8. h3 Bh5 9. a4 Nbd7 10. c3 Nc5 11. Bc4 Rd8 12. Qc2 Be7 13. b4 Ncd7 14. Bb2 O-O 15. Rfe1 a5 16. Ba3 axb4 17. cxb4 c5 18. b5 Nb6 19. Bf1 Ra8 20. Bb2 Bd6 21. a5 Nbd7 22. Nc4 Rfe8 23. Red1 Bf8 24. g4 Bg6 25. Bd3 h6 26. b6 Qc6 27. Nfxe5 Nxe5 28. Nxe5 Qc8 29. Nxg6 fxg6 30. e5 Nd7 31. Bxg6 Re7 32. f4 c4 33. Bf5 Qc5+ 34. Bd4 Qc6 35. Bf2 Rc8 36. Rd6 Qb5 37. Qc3 Nc5 38. Rb1 Nb3 39.
Bc2 Rf7 40. Bxb3 Rxf4 41. Bxc4+ Rfxc4 42. Rxb5 Rxc3 43. a6 Bxd6 44. axb7 Bxe5 0-1

[Event "Early-Titled-Tuesday-Blitz-August-29-2023"]
[Site "Chess.com"]
[Date "2023.08.29"]
[Round "4"]
[White "ahkashefi2800"]
[Black "Iunusovnuriddin"]
[Result "1-0"]
[WhiteElo "2580"]
[BlackElo "2300"]
[TimeControl "180+1"]
[EndTime "8:39:36 PDT"]
[Termination "ahkashefi2800 won by resignation"]

1. d4 Nf6 2. c4 g6 3. Nc3 Bg7 4. Nf3 O-O 5. g3 d6 6. Bg2 Nc6 7. O-O e5 8. dxe5 Nxe5 9. Nxe5 dxe5 10. Qc2 c6 11. Bg5 Qc7 12. Rad1 Bf5 13. e4 Be6 14. b3 h6 15. Be3 Rfd8 16. Qb2 Bf8 17. Rc1 Ng4 18. Nd5 Bxd5 19. cxd5 Nxe3 20. fxe3 c5 21. Qf2 Bg7 22. h4 h5 23. Bh3 Rd6 24. Kh2 Rf8 25.
Qc2 Qa5 26. Rf2 b6 27. Rcf1 Qa6 28. a4 Bh6 29. Rf3 Qb7 30. g4 hxg4 31. Bxg4 Qe7 32. Kh3 f5 33. exf5 e4 34. Rg3 Kh8 35. Qg2 gxf5 36.
Bxf5 Rdf6 37. Rg6 Rxg6 38. Qxg6 Qg7 39. Qxg7+ Kxg7 40. d6 Bxe3 41. d7 Bd4 42. Bxe4 Rd8 43. Bc6 Bf6 44. Re1 Kf7 45. Re8 a6 46. h5 Kg7 47.
Kg4 Kh6 48. Kf5 Bg5 49. Re6+ Kh7 50. Kxg5 1-0

[Event "Early-Titled-Tuesday-Blitz-August-29-2023"]
[Site "Chess.com"]
[Date "2023.08.29"]
[Round "4"]
[White "wadsy27"]
[Black "C_K_G"]
[Result "1-0"]
[WhiteElo "2611"]
[BlackElo "2006"]
[TimeControl "180+1"]
[EndTime "8:39:37 PDT"]
[Termination "wadsy27 won on time"]

1. Nf3 d5 2. g3 c5 3. Bg2 Nf6 4.
O-O Nc6 5. c4 e6 6. cxd5 exd5 7.
d4 h6 8. a3 Bf5 9. Nc3 a6 10. dxc5 Bxc5 11. b4 Ba7 12. Bb2 O-O 13. e3 Rb8 14. Ne2 Be4 15. Ned4 Nxd4 16. Bxd4 Bxd4 17. Qxd4 Qe7 18. Rac1 Rbc8 19. Nd2 Bxg2 20. Kxg2 Qe6 21. Nf3 Ne4 22. Qe5 b5 23. Rfd1 Rc4 24. Rxc4 dxc4 25. Rd4 Qxe5 26. Nxe5 Re8 27. Rxe4 f6 28.
Rxc4 bxc4 29. Nxc4 Rc8 30. Nb6 Rc3 31. a4 Rb3 32.
Nd5 Rd3 33. e4 f5 34. f3 fxe4 35. fxe4 Kf7 36. b5 axb5 37. axb5 Rd4 38. Kf3 g5 39. b6 Rd3+ 40. Kg4 Rb3 41. Kf5 1-0

[Event "Early-Titled-Tuesday-Blitz-August-29-2023"]
[Site "Chess.com"]
[Date "2023.08.29"]
[Round "4"]
[White "Ducke13"]
[Black "hurricane7791"]
[Result "0-1"]
[WhiteElo "2425"]
[BlackElo "2732"]
[TimeControl "180+1"]
[EndTime "8:39:37 PDT"]
[Termination "hurricane7791 won by checkmate"]

1. d4 Nf6 2. g3 c5 3. d5 e6 4. c4 exd5 5. cxd5 d6 6. Nc3 g6 7.
Nf3 Bg7 8. Bg2 O-O 9. O-O Na6 10. Re1 Nc7 11. a4 a6 12. Bf4 Re8 13. e4 Nh5 14.
Bg5 Bf6 15. h4 Bg4 16. e5 Bxg5 17. hxg5 dxe5 18. d6 Ne6 19. Ne4 Nd4 20. Ra3 Rc8 21. Qd2 Bf5 22. Rae3 Bxe4 23. Rxe4 Qxd6 24. Kh1 Nf5 25.
Qxd6 Nxd6 26. Rxe5 Kf8 27. Bh3 Rcd8 28. Kg2 b6 29.
Rxe8+ Rxe8 30. Rxe8+ Kxe8 31. Ne5 f5 32. gxf6 Nxf6 33.
f4 Nd5 34. Nd7 Nf5 35. Bxf5 gxf5 36. Ne5 Ke7 37. Kf3 Ke6 38. g4 fxg4+ 39. Kxg4 b5 40.
axb5 axb5 41. Nd3 c4 42. Nc5+ Ke7 43. Kg5 b4 44. f5 Kd6 45. Ne4+ Ke5 46. f6 Kxe4 47. f7 Nf4 48. Kh6 Ne6 49. Kxh7 c3 50. bxc3 bxc3 51. Kg6 c2 52. Kf6 Kd5 53. f8=Q Nxf8 54.
Kf7 c1=Q 55. Ke7 Ne6 56. Kf6 Qg5+ 57. Kf7 Qg7+ 58. Ke8 Qf8+ 59. Kd7 Qd8# 0-1

[Event "Early-Titled-Tuesday-Blitz-August-29-2023"]
[Site "Chess.com"]
[Date "2023.08.29"]
[Round "4"]
[White "AttilaTurzo"]
[Black "garfield_pg"]
[Result "0-1"]
[WhiteElo "2503"]
[BlackElo "2371"]
[TimeControl "180+1"]
[EndTime "8:39:37 PDT"]
[Termination "garfield_pg won on time"]

1. d4 d5 2. Bf4 e6 3. e3 c5 4. c3 Nc6 5. Nd2 Bd6 6. Ngf3 Nge7 7. Bd3 O-O 8. O-O f6 9. Bxd6 Qxd6 10. e4 cxd4 11. cxd4 dxe4 12. Nxe4 Qf4 13. Qe2 Rd8 14. Qe3 Nd5 15. Qe2 Ndb4 16. Rad1 b6 17. Bc4 Kh8 18. a3 Nd5 19. Nc3 Nce7 20. Ne4 Bb7 21.
Ng3 Qd6 22. Rfe1 Nf4 23. Qe3 Ned5 24. Qd2 Rac8 25. Ne4 Qb8 26. Bf1 Ng6 27. g3 Nde7 28.
Qb4 Qa8 29. Nfd2 Nf5 30. d5 Bxd5 31. Bg2 Ne5 32. Nf1 Nc6 33. Qc3 Ncd4 34. Qd2 Nb3 35. Qf4 Nc5 36. Nxc5 Bxg2 37. Nxe6 Bh1 38. f3 Rxd1 39.
Rxd1 Bxf3 40. Rd2 Ne7 0-1

[Event "Early-Titled-Tuesday-Blitz-August-29-2023"]
[Site "Chess.com"]
[Date "2023.08.29"]
[Round "4"]
[White "Quattroporte300"]
[Black "frequentblunders"]
[Result "1-0"]
[WhiteElo "2444"]
[BlackElo "2122"]
[TimeControl "180+1"]
[EndTime "8:39:37 PDT"]
[Termination "Quattroporte300 won on time"]

1. e4 e6 2. d4 c5 3. d5 exd5 4. exd5 d6 5. Nc3 f5 6. Nf3 Nf6 7. Bd3 Be7 8. O-O O-O 9. Re1 a6 10. a4 Nbd7 11. Bxf5 Re8 12. Be6+ Kh8 13. Ng5 Rf8 14.
Nf7+ Rxf7 15. Bxf7 Ne5 16. Bh5 Bf5 17. Bf4 Nfd7 18.
a5 Bf6 19. Ne4 Bxe4 20. Rxe4 Qe7 21. c3 Rf8 22. Bg3 g6 23. Bg4 Qg7 24. Be6 Nb8 25.
f4 Nf7 26. Qb3 Nh6 27. Rae1 Nf5 28. Bxf5 gxf5 29. Re8 Qf7 30. Rxf8+ Qxf8 31. Qxb7 Kg8 32. Re6 Qd8 33. Qb6 Be7 34. Qxd8+ Bxd8 35. Rxd6 Bxa5 36.
Rf6 Kg7 37. Rxf5 Kg6 38. Rg5+ Kf6 39. Rg8 Nd7 40. Bf2 Nb6 41. Bxc5 Nxd5 42. g3 Ke6 43. Ra8 Bb6 44. Bxb6 Nxb6 45. Rxa6 1-0

[Event "Early-Titled-Tuesday-Blitz-August-29-2023"]
[Site "Chess.com"]
[Date "2023.08.29"]
[Round "4"]
[White "parintele_chess"]
[Black "Colombiano07"]
[Result "0-1"]
[WhiteElo "2219"]
[BlackElo "2390"]
[TimeControl "180+1"]
[EndTime "8:39:37 PDT"]
[Termination "Colombiano07 won by checkmate"]

1. d4 d5 2. Bf4 c5 3. e3 cxd4 4. exd4 Nc6 5. Nf3 Nf6 6. Nbd2 Bg4 7. c3 e6 8. Be2 Bd6 9. Bxd6 Qxd6 10. h3 Bh5 11.
O-O O-O 12. Ne5 Nxe5 13. Bxh5 Nxh5 14. Qxh5 Ng6 15. a4 a5 16. Qf3 Qf4 17. Qxf4 Nxf4 18. Nb3 Rfb8 19. Nc5 b6 20. Nd7 Rb7 21. Ne5 f6 22.
Nf3 b5 23. axb5 Rxb5 24. b4 Ra6 25. Ra4 Ne2+ 26. Kh2 Nxc3 27. Rxa5 Raxa5 28. bxa5 Rxa5 29. Rc1 Ra3 30. Rc2 Kf7 31. Rb2 Ra7 32. Nd2 Ne4 33.
Nxe4 dxe4 34. Kg3 Rd7 35. Rb4 f5 36. Kf4 Kf6 37. h4 Rxd4 38. Rxd4 e5+ 39. Ke3 exd4+ 40. Kxd4 g6 41. Kd5 h6 42. g3 g5 43. h5 g4 44. Kd4 Ke6 45. Ke3 Ke5 46. Ke2 f4 47. gxf4+ Kxf4 48. Kd2 Kf3 49. Ke1 e3 50. fxe3 Kxe3 51.
Kf1 Kf3 52. Kg1 Kg3 53. Kh1 Kh3 54. Kg1 g3 55. Kh1 Kh4 56. Kg2 Kg4 57. Kg1 Kxh5 58. Kg2 Kg4 59. Kg1 h5 60. Kg2 h4 61. Kg1 h3 62. Kh1 Kf3 63. Kg1 Ke2 64. Kh1 g2+ 65. Kg1 Ke1 66. Kh2 Kf2 67. Kxh3 g1=Q 68. Kh4 Qg6 69.
Kh3 Qg3# 0-1

[Event "Early-Titled-Tuesday-Blitz-August-29-2023"]
[Site "Chess.com"]
[Date "2023.08.29"]
[Round "4"]
[White "workhard91"]
[Black "Martial2008"]
[Result "1-0"]
[WhiteElo "2435"]
[BlackElo "2578"]
[TimeControl "180+1"]
[EndTime "8:39:39 PDT"]
[Termination "workhard91 won on time"]

1. e4 e5 2. Nf3 Nf6 3. Nxe5 Nc6 4.
Nf3 Nxe4 5. d3 Nf6 6. d4 d5 7.
Bd3 Bd6 8. c3 Bg4 9. Nbd2 O-O 10.
Qc2 Re8+ 11. Kf1 Qe7 12. h3 Bh5 13. g3 Ne4 14. Kg2 Nxf2 15. Kxf2 Qe3+ 16. Kg2 Bg6 17.
Bxg6 Qe2+ 18. Kg1 Bxg3 19. Bxh7+ Kh8 20. Nf1 Qxf3 21. Qg2 Qf6 22. Qxg3 Kxh7 23. Rh2 Re4 24. Rf2 Qe6 25. Bf4 g5 26. Bxg5 Rg8 27. Rf6 Qxf6 28.
Bxf6 Rxg3+ 29. Nxg3 Re6 30. Rf1 Re3 31. Kg2 Rd3 32.
Rf2 Kg6 33. Be5 Nxe5 34. dxe5 c5 35. Nf1 d4 36. Rd2 Rxd2+ 37. Nxd2 Kf5 38. cxd4 cxd4 39.
Nf3 d3 40. Kg3 Ke4 41. h4 Kf5 42. Kg2 Kg4 43. Kf2 d2 44. Nxd2 Kxh4 45. Ke3 Kg5 46. Ne4+ Kf5 47. Kd4 Ke6 48. Ng5+ Ke7 49. Ne4 1-0

[Event "Early-Titled-Tuesday-Blitz-August-29-2023"]
[Site "Chess.com"]
[Date "2023.08.29"]
[Round "4"]
[White "Fan_Of_Chucky"]
[Black "Miguelitro69"]
[Result "1-0"]
[WhiteElo "2483"]
[BlackElo "2292"]
[TimeControl "180+1"]
[EndTime "8:39:39 PDT"]
[Termination "Fan_Of_Chucky won on time"]

1. d4 Nf6 2. c4 d6 3. Nf3 g6 4. g3 Bg7 5. Bg2 O-O 6. O-O Nbd7 7. Nc3 e5 8. e4 Re8 9. h3 exd4 10. Nxd4 Nc5 11.
Re1 a5 12. Qc2 b6 13. b3 Bb7 14. Bb2 Qd7 15. Nd5 Nxd5 16. exd5 Rxe1+ 17. Rxe1 Re8 18. Rd1 Bc8 19. a3 Qe7 20. Bf3 Bxh3 21. b4 axb4 22. axb4 Nd7 23. Kh2 Bxd4 24. Bxd4 Bf5 25. Qc3 Ne5 26.
Bg2 Qg5 27. Kg1 Qh5 28. Re1 Ra8 29. Bxe5 dxe5 30. Qxe5 Bd3 31. Qxh5 gxh5 32. d6 Rd8 33.
dxc7 Rc8 34. Re7 Bxc4 35. Bh3 Kf8 36. Bxc8 Kxe7 37. Bb7 Be6 38. c8=Q Bxc8 39. Bxc8 Kd6 40. Kh2 Kc6 41. Kh3 Kb5 42. Kh4 Kxb4 43. Kxh5 Kc5 44.
f4 b5 45. Bf5 Kd5 46. Bxh7 Ke6 47. Kg5 f6+ 48. Kg4 b4 49. Kf3 Kf7 50. Bc2 1-0

[Event "Early-Titled-Tuesday-Blitz-August-29-2023"]
[Site "Chess.com"]
[Date "2023.08.29"]
[Round "4"]
[White "dosto07"]
[Black "Irina_Barchuk"]
[Result "1-0"]
[WhiteElo "2471"]
[BlackElo "2218"]
[TimeControl "180+1"]
[EndTime "8:39:39 PDT"]
[Termination "dosto07 won by resignation"]

1. e4 c5 2. Nf3 Nc6 3. Bb5 g6 4. Bxc6 dxc6 5. d3 Bg7 6. h3 b6 7. Nc3 Nh6 8. Be3 f6 9. Qd2 Nf7 10. O-O-O e5 11. g4 Be6 12. g5 f5 13. exf5 gxf5 14.
Qe2 Qd6 15. Rde1 O-O-O 16. Bf4 Bd5 17. Nxd5 Qxd5 18. c4 Qd6 19. Nxe5 Rhe8 20. Nxf7 Qxf4+ 21. Qd2 Bxb2+ 22. Kc2 Qxd2+ 23. Kxd2 Rxe1 24. Rxe1 Rd7 25. Re8+ Kc7 26. Nh6 f4 27. Rf8 Be5 28. Ng4 Bd6 29. Rh8 Rf7 30. Nf6 Be7 31. Rxh7 Rxh7 32. Nxh7 Kd7 33.
h4 Ke6 34. Ke2 Kf5 35. Kf3 Kg6 36. Nf6 Bd6 37. Kg4 b5 38. h5+ Kf7 39. Ne4 Bf8 40. Kf5 a5 41. h6 b4 42. g6+ Kg8 43. Nf6+ Kh8 44. g7+ Bxg7 45. hxg7+ Kxg7 46. Nd7 a4 47. Nxc5 b3 48. Nxb3 axb3 49. axb3 Kf7 50. Kxf4 Ke7 51. Ke4 Kd6 52. d4 c5 53. f4 cxd4 54.
Kxd4 Kc6 55. f5 Kd6 56. f6 1-0

[Event "Early-Titled-Tuesday-Blitz-August-29-2023"]
[Site "Chess.com"]
[Date "2023.08.29"]
[Round "4"]
[White "Shivananda1964"]
[Black "laskakid"]
[Result "1-0"]
[WhiteElo "2453"]
[BlackElo "2159"]
[TimeControl "180+1"]
[EndTime "8:39:39 PDT"]
[Termination "Shivananda1964 won on time"]

1. e4 e5 2. Nf3 Nc6 3. d4 exd4 4. c3 d5 5. exd5 Qxd5 6. Be2 Bg4 7. cxd4 Bb4+ 8.
Nc3 Bxf3 9. Bxf3 Qc4 10. Qb3 Qxb3 11. Bxc6+ bxc6 12. axb3 Nf6 13. Be3 a5 14. Kd2 O-O-O 15. Kc2 Rhe8 16. Rhd1 Ng4 17. Rd3 h6 18. h3 Nxe3+ 19.
fxe3 Re6 20. Rf1 Rd7 21. Rf5 Rg6 22. g4 Re6 23. Ne2 Rde7 24. Rf3 Bd6 25. Rc3 Kb7 26. Kd3 Kb6 27. Rc1 Rd7 28. Rcf1 f6 29. Nc3 Bb4 30.
Rf5 c5 31. Na4+ Kc6 32. Nxc5 Bxc5 33. Rxc5+ Kb6 34. Rff5 Rde7 35. Rb5+ Kc6 36. Rbc5+ Kb6 37. Rf3 c6 38. Rc3 Rd6 39. Kc4 Rde6 40. Rd3 Rd6 41. b4 axb4 42. Kxb4 Rd5 43. Kc4 Rb5 44. b4 h5 45. Rf5 hxg4 46. hxg4 Rc7 47. Rc5 Re7 48. Rc3 Rxc5+ 49. bxc5+ Kc7 50. Kd3 Rd7 51. Ra3 Rd5 52.
Ra7+ Kd8 53. Rxg7 Kc8 54. e4 Rd8 55. Kc4 1-0

[Event "Early-Titled-Tuesday-Blitz-August-29-2023"]
[Site "Chess.com"]
[Date "2023.08.29"]
[Round "4"]
[White "Barbus89"]
[Black "GAZZAN_3000"]
[Result "0-1"]
[WhiteElo "2501"]
[BlackElo "2675"]
[TimeControl "180+1"]
[EndTime "8:39:40 PDT"]
[Termination "GAZZAN_3000 won on time"]

1. Nf3 d5 2. g3 Bg4 3. Bg2 c6 4. O-O Nd7 5. d4 e6 6. Nbd2 f5 7. h3 Bxf3 8. Nxf3 Ngf6 9. Bf4 Nb6 10. Ne5 Bd6 11. Nd3 O-O 12. Bxd6 Qxd6 13. Ne5 Nbd7 14.
f4 Qc7 15. e3 Nxe5 16. fxe5 Ne4 17. Bxe4 dxe4 18. c3 c5 19. Qb3 Rfe8 20. Qc4 g6 21.
Rad1 Rac8 22. Qb3 c4 23. Qa4 a6 24. Kg2 b5 25. Qxa6 Ra8 26. Qxb5 Reb8 27. Qc5 Rxb2+ 28. Rf2 Rxf2+ 29. Kxf2 Rxa2+ 30. Kg1 Qd7 31. Qxc4 Ra4 32. Qb3 Kg7 33. c4 Ra7 34. d5 Qe7 35. d6 Qg5 36. g4 fxg4 37. Kh1 gxh3 38. Rg1 Qxe5 39. Qb6 Ra2 40.
Qb7+ Kh6 0-1

[Event "Early-Titled-Tuesday-Blitz-August-29-2023"]
[Site "Chess.com"]
[Date "2023.08.29"]
[Round "4"]
[White "Hamisandwich"]
[Black "MdChess1734"]
[Result "1-0"]
[WhiteElo "2608"]
[BlackElo "2370"]
[TimeControl "180+1"]
[EndTime "8:39:40 PDT"]
[Termination "Hamisandwich won on time"]

1. e3 d5 2. Nf3 Nf6 3. b3 Bf5 4. Bb2 Nbd7 5. c4 c6 6. Be2 h6 7. O-O e6 8. d3 Be7 9. a3 a5 10. Nbd2 O-O 11. cxd5 exd5 12. Qc2 Bh7 13. Rfe1 Re8 14.
Bf1 Bd6 15. h3 Qc7 16. Bc3 Ne5 17. Nxe5 Bxe5 18. Nf3 Bxc3 19. Qxc3 Nd7 20. b4 axb4 21. axb4 Qd6 22. d4 Nf6 23. b5 Ne4 24. Qb2 Bf5 25.
Rec1 Qf6 26. Rxa8 Rxa8 27. bxc6 bxc6 28. Ne5 Rc8 29. Ba6 Ra8 30. Rxc6 Qg5 31. Nf3 Qh5 32.
Qb7 Rf8 33. Be2 Ng5 34. h4 Nxf3+ 35. Bxf3 Qxh4 36. Bxd5 Qg5 37. Rc7 Bh3 38. Rxf7 1-0

[Event "Early-Titled-Tuesday-Blitz-August-29-2023"]
[Site "Chess.com"]
[Date "2023.08.29"]
[Round "4"]
[White "denizozen"]
[Black "MBA_CHESS_2021"]
[Result "1/2-1/2"]
[WhiteElo "2862"]
[BlackElo "2293"]
[TimeControl "180+1"]
[EndTime "8:39:41 PDT"]
[Termination "Game drawn by agreement"]

1. d4 d5 2. Nf3 Nf6 3. Bf4 c6 4. e3 Bg4 5. c4 Bxf3 6. Qxf3 e6 7. Nc3 Nbd7 8. Bd3 Be7 9. O-O O-O 10. cxd5 exd5 11.
h3 Re8 12. Rab1 Nf8 13. b4 a6 14. a4 Qd7 15. b5 axb5 16. axb5 Ra3 17. Rfc1 Rea8 18.
Be5 Ng6 19. bxc6 bxc6 20. Bg3 Bd6 21. Bf5 Qe7 22. Bxg6 hxg6 23. Bxd6 Qxd6 24. Ne2 Ne4 25. Qf4 Qe6 26. Rb8+ Rxb8 27. Qxb8+ Kh7 28. Nf4 Qf6 29.
Qe5 g5 30. Qxf6 gxf6 31. Nh5 Kg6 32. g4 Ra2 33. f4 gxf4 34. exf4 Ra6 35. Rb1 f5 36.
Rb8 fxg4 37. hxg4 f5 38. Rg8+ Kh7 39. Rf8 fxg4 40. Nf6+ Kg7 41. Nd7 Ra7 42. Rd8 Nd2 43. Ne5 Nf3+ 44. Nxf3 gxf3 45. Kf2 Ra3 46. Rd6 Rc3 47. f5 Kf7 48. Rh6 Ke7 49. Re6+ Kf7 50.
Rh6 Ke7 1/2-1/2

[Event "Early-Titled-Tuesday-Blitz-August-29-2023"]
[Site "Chess.com"]
[Date "2023.08.29"]
[Round "4"]
[White "AlexandraSamaganova"]
[Black "JoseRemolar"]
[Result "1-0"]
[WhiteElo "2357"]
[BlackElo "2493"]
[TimeControl "180+1"]
[EndTime "8:39:42 PDT"]
[Termination "AlexandraSamaganova won on time"]

1. c4 Nf6 2. Nc3 g6 3. g3 Bg7 4. Bg2 O-O 5. e3 c6 6. Nge2 d5 7. b3 e5 8. d4 e4 9. h3 g5 10. Bb2 Be6 11. cxd5 cxd5 12. Rc1 Nc6 13. a3 Qd7 14.
Na4 b6 15. b4 Rac8 16. Qb3 Rc7 17. Nac3 Rfc8 18. Nb5 Rb7 19. a4 a6 20. Nbc3 Bf8 21.
Ba3 Rbc7 22. Qb1 a5 23. Nb5 Rb7 24. bxa5 Bxa3 25. Nxa3 bxa5 26. Nb5 Nb4 27. Rxc8+ Qxc8 28. h4 Nd3+ 29. Kf1 Ng4 30. hxg5 Ndxf2 31. Rh5 Qc4 32. Qe1 Rxb5 33. axb5 Qxb5 34. Kg1 Nd3 35. Qf1 Nxe3 36.
Qf6 Nxg2 37. Qd8+ Kg7 38. Qf6+ Kg8 39. Qd8+ Kg7 40. Qf6+ Kf8 41. Qd8+ Qe8 42. Qf6 Ne3 43. Rxh7 1-0

[Event "Early-Titled-Tuesday-Blitz-August-29-2023"]
[Site "Chess.com"]
[Date "2023.08.29"]
[Round "4"]
[White "only_strong_moves"]
[Black "KNVB"]
[Result "1/2-1/2"]
[WhiteElo "2525"]
[BlackElo "2784"]
[TimeControl "180+1"]
[EndTime "8:39:43 PDT"]
[Termination "Game drawn by repetition"]

1. d4 e5 2. dxe5 Nc6 3. Nf3 Qe7 4. g3 Nxe5 5. Nxe5 Qxe5 6. Bg2 Bc5 7. O-O d6 8. Nc3 Nf6 9. e4 Bg4 10. Qd3 Qh5 11. Qb5+ Bd7 12. Qe2 Qxe2 13. Nxe2 Bc6 14. Nc3 O-O 15. Bg5 Bd4 16. Bxf6 Bxf6 17. Nd1 Rae8 18.
f3 d5 19. exd5 Bb5 20. c3 Bxf1 21. Kxf1 g6 22. Nf2 Kg7 23. Ne4 Be7 24. Rd1 Rd8 25.
f4 Rfe8 26. b4 Bf8 27. Kf2 h6 28. Bf3 b6 29. a3 f5 30. Nd2 b5 31. Nb3 Bd6 32.
Nd4 Kf6 33. Nxb5 a6 34. Nd4 Bf8 35. Nc6 Rd6 36. c4 Rd7 37. Ne5 Rdd8 38. c5 g5 39.
Nc4 gxf4 40. gxf4 Bg7 41. Ne5 Rg8 42. Rg1 Bh8 43. Re1 Rgf8 44. Rg1 Rg8 45. Re1 Rde8 46.
Bh5 Rd8 47. Bf3 1/2-1/2

[Event "Early-Titled-Tuesday-Blitz-August-29-2023"]
[Site "Chess.com"]
[Date "2023.08.29"]
[Round "4"]
[White "Defend1r"]
[Black "Rakhmanov_Aleksandr"]
[Result "1-0"]
[WhiteElo "2538"]
[BlackElo "2781"]
[TimeControl "180+1"]
[EndTime "8:39:46 PDT"]
[Termination "Defend1r won on time"]

1. e4 c5 2. Nf3 Nf6 3. e5 Nd5 4. c4 Nc7 5. d4 cxd4 6. Nxd4 g6 7.
Bd3 Bg7 8. Qe2 O-O 9. Nc3 d6 10. exd6 exd6 11. Nc2 Re8 12. Be3 d5 13. Nxd5 Nxd5 14.
cxd5 Bxb2 15. O-O Bxa1 16. Rxa1 Qxd5 17. Bc4 Qf5 18. Nd4 Qf6 19. Rd1 Nc6 20. Nb5 Rd8 21.
Nc7 Rxd1+ 22. Qxd1 Rb8 23. Nd5 Qh4 24. Bf4 Be6 25.
g3 Qd8 26. Bc7 Qc8 27. Bxb8 Qxb8 28. Nf6+ Kg7 29. Bxe6 Kxf6 30. Bd5 Qc7 31. Qf3+ Kg7 32. Qc3+ Kg8 33. Qf6 Qd7 34. Bb3 Nd8 35. h4 Ne6 36. h5 gxh5 37. Qh6 Ng7 38. Bc2 Qd4 39. Qxh7+ Kf8 40.
Bb3 b5 41. Qc2 Qd7 42. Qc5+ Kg8 43. Qg5 a5 44. Bc2 a4 45. Qh6 1-0

[Event "Early-Titled-Tuesday-Blitz-August-29-2023"]
[Site "Chess.com"]
[Date "2023.08.29"]
[Round "4"]
[White "snowlord"]
[Black "KChor05TTV"]
[Result "1-0"]
[WhiteElo "2914"]
[BlackElo "2598"]
[TimeControl "180+1"]
[EndTime "8:39:47 PDT"]
[Termination "snowlord won by resignation"]

1. d4 Nf6 2. c4 g6 3. g3 Bg7 4.
Bg2 O-O 5. Nc3 d6 6. Nf3 Nc6 7.
O-O Bf5 8. Ne1 Qc8 9. e4 Bh3 10.
Nc2 Bxg2 11. Kxg2 Nd7 12. Be3 e5 13. Nd5 Re8 14. f3 Nb6 15. Nxb6 axb6 16. d5 Ne7 17. a4 f5 18. Ra3 Qd7 19. Nb4 Rf8 20. Nd3 f4 21. gxf4 exf4 22. Nxf4 Bxb2 23. Ra2 Bh8 24.
Ne6 Rf6 25. Bd4 Rxe6 26. Bxh8 Kxh8 27. dxe6 Qxe6 28. Qd4+ Kg8 29. Rb1 Rf8 30. Rb5 c5 31. Qd3 g5 32. Kh1 Qh3 33. Rf2 Nc6 34. Rxb6 Nd4 35. Rxd6 g4 36. Rd5 Nxf3 37. Rxc5 Qh4 38. Qf1 Rd8 39. Rd5 Rf8 40. Qg2 h5 41. Qg3 Qf6 42.
Kg2 h4 43. Qxg4+ Kh7 44. Rxf3 Rg8 45. Qxg8+ Kxg8 46. Rxf6 Kg7 47. Rff5 h3+ 48. Kxh3 Kg6 49. Rb5 1-0

[Event "Early-Titled-Tuesday-Blitz-August-29-2023"]
[Site "Chess.com"]
[Date "2023.08.29"]
[Round "4"]
[White "crescentmoon2411"]
[Black "mbojan"]
[Result "1-0"]
[WhiteElo "3035"]
[BlackElo "2891"]
[TimeControl "180+1"]
[EndTime "8:39:48 PDT"]
[Termination "crescentmoon2411 won on time"]

1. d4 g6 2. e4 Nf6 3. Nc3 d5 4. e5 Ne4 5. Bd3 Nxc3 6. bxc3 c5 7. dxc5 Nc6 8. f4 f6 9. exf6 e6 10. Be3 Qxf6 11. Qd2 Bg7 12. Ne2 O-O 13. O-O Bd7 14. Nd4 e5 15. fxe5 Qxe5 16. Nxc6 Bxc6 17. Bd4 Qc7 18. Qg5 Rae8 19. Rxf8+ Rxf8 20. Re1 Qf7 21. Rf1 Qe8 22. Rxf8+ Qxf8 23. h4 Bh6 24. Qe5 Bg7 25.
Qe6+ Qf7 26. Qxf7+ Kxf7 27. g4 Bf8 28. Kf2 h5 29.
gxh5 gxh5 30. Kf3 Be7 31. Kg3 Bd8 32. Bf2 Bd7 33. Kf4 Bg4 34. c4 d4 35. Be4 b6 36.
Bd5+ Kg6 37. c6 Bc7+ 38. Ke4 Bf5+ 39. Kxd4 Kf6 40. Kc3 Bg4 41. Be3 Kf5 42. Bg5 Be5+ 43.
Kb3 Bd1 44. Bd8 1-0

[Event "Early-Titled-Tuesday-Blitz-August-29-2023"]
[Site "Chess.com"]
[Date "2023.08.29"]
[Round "4"]
[White "MarcoRiehle"]
[Black "Zhigalko_Sergei"]
[Result "1-0"]
[WhiteElo "2831"]
[BlackElo "2930"]
[TimeControl "180+1"]
[EndTime "8:39:48 PDT"]
[Termination "MarcoRiehle won by checkmate"]

1. e4 c5 2. a3 e6 3. b4 cxb4 4. axb4 Bxb4 5. Bb2 Nf6 6. e5 Nd5 7. c4 Ne7 8. Qg4 Nf5 9. Bd3 O-O 10. Nf3 Nc6 11. h4 Qb6 12. Nc3 Bc5 13. Na4 Qa5 14. O-O Be7 15. Bxf5 exf5 16. Qg3 Qd8 17. d4 f4 18. Qxf4 d5 19. cxd5 Qxd5 20. Nc3 Qb3 21. Rab1 Nb4 22. Ba1 Qc2 23. d5 a5 24. d6 Bd8 25.
Nd4 Qg6 26. Rfd1 Bg4 27. f3 Bd7 28. Ne4 Bb6 29. Kh2 Nd5 30. Qg5 Ra7 31. Qxg6 hxg6 32.
Nb5 Ne3 33. Rd3 Bxb5 34. Rxb5 Nc4 35. Bd4 Bxd4 36. Rxd4 Ne3 37. Nc5 Nf5 38. Ra4 b6 39. Rxb6 Rd8 40. Rb5 f6 41. f4 Nxh4 42. Rbxa5 Rxa5 43. Rxa5 g5 44. Nb7 Rd7 45. e6 Rxb7 46. d7 Rb8 47. e7 Rb2 48. e8=Q+ Kh7 49. Qh5+ Kg8 50. d8=Q# 1-0